 Dungeon Crawl Stone Soup version 0.31.0-32-g396128a36d (webtiles) character file.

Game seed: 240530516771314690

12870 monsoonserge the Grappler (level 12, -1/78 HPs)
             Began as an Octopode Cinder Acolyte on Mar 25, 2024.
             Was a Priest of Ignis.
             Slain by a yak (7 damage)
             ... on level 9 of the Dungeon.
             The game lasted 00:41:32 (11596 turns).

monsoonserge the Grappler (OpCA)                   Turns: 11596, Time: 00:41:33

Health: -1/78      AC:  7    Str: 24    XL:     12   Next: 0%
Magic:  14/16      EV: 17    Int: 22    God:    Ignis [***...]
Gold:   575        SH:  5    Dex:  8    Spells: 12/17 levels left

rFire   + . .        N - melded +2 morningstar (holy)
rCold   . . .        d - melded +0 buckler
rNeg    . . .        K - +2 hat
rPois   .            G - amulet of reflection
rElec   .            l - +4 ring of protection
rCorr   .            I - +6 ring of intelligence
SInv    .            J - +6 ring of strength
Will    .....        S - ring of flight
Stlth   ++           (no ring)
HPRegen 0.33/turn    (no ring)
MPRegen 0.15/turn    (no ring)
                     (no ring)

%: reflection
@: flux-form, fugue, flying, glowing
A: glow, contaminating, almost no armour, amphibious, 8 rings, camouflage 1,
gelatinous body 1, (nimble swimmer 1), tentacles
a: Begin Untransformation, Renounce Religion, Fiery Armour, Foxfire Swarm,
Rising Flame


You were on level 9 of the Dungeon.
You worshipped Ignis.
Ignis was most pleased with you.
You were something dangerously unstable.
You visited 2 branches of the dungeon, and saw 12 of its levels.

You collected 575 gold pieces.

Inventory:

Hand Weapons
 a - a -1 mace of flaming
 B - a +0 whip of flaming
 L - a +2 heavy mace
 M - a +4 mace
 N - a +2 morningstar of holy wrath (melded)
Missiles
 t - 8 boomerangs
 y - 2 throwing nets
 A - 8 poisoned darts
 D - 4 atropa-tipped darts
 P - 2 curare-tipped darts
 U - 5 javelins
Armour
 d - a +0 buckler (melded)
 K - a +2 hat (worn)
Jewellery
 l - a +4 ring of protection (left tentacle)
 w - a ring of ice
 G - an amulet of reflection (around mantle)
 I - a +6 ring of intelligence (right tentacle)
 J - a +6 ring of strength (on tentacle)
 S - a ring of flight (on tentacle)
Talismans
 r - a flux talisman (active)
Wands
 p - a wand of flame (14) (quivered)
 v - a wand of mindburst (7)
 F - a wand of polymorph (11)
 O - a wand of roots (9)
 R - a wand of quicksilver (5)
 T - a wand of paralysis (7)
Scrolls
 e - 5 scrolls of fear {unknown}
 f - 7 scrolls of teleportation
 g - a scroll of poison
 i - a scroll of noise
 m - 2 scrolls of enchant weapon
 x - 2 scrolls of amnesia {unknown}
 E - 3 scrolls of immolation
 H - 2 scrolls of revelation {unknown}
 Q - a scroll of brand weapon {unknown}
Potions
 b - 3 potions of enlightenment
 c - a potion of berserk rage {unknown}
 h - 2 potions of cancellation
 j - 8 potions of curing {unknown}
 k - 3 potions of brilliance
 n - a potion of degeneration {unknown}
 o - 4 potions of lignification {unknown}
 q - 3 potions of attraction
 s - 2 potions of mutation
 z - a potion of might {unknown}
 C - 3 potions of magic {unknown}
 V - a potion of haste {unknown}
Miscellaneous
 u - a phantom mirror


   Skills:
 + Level 5.6 Fighting
 - Level 6.0 Maces & Flails
 - Level 0.8 Throwing
 + Level 4.9 Dodging
 + Level 6.0 Stealth
 - Level 2.0 Shields
 + Level 10.0 Unarmed Combat
 - Level 3.0 Spellcasting
 + Level 4.5 Necromancy
 + Level 7.8 Fire Magic
 * Level 2.0 Evocations
 + Level 7.5 Shapeshifting


You had 12 spell levels left.
You knew the following spells:

 Your Spells              Type           Power      Damage    Failure   Level
a - Scorch                Fire           74%        2d8       1%          2
b - Fugue of the Fallen   Necr           23%        N/A       6%          3

Your spell library contained the following spells:

 Spells                   Type           Power      Damage    Failure   Level
 Necrotise                Necr           92%        1d8       1%          1
 Volatile Blastmotes      Fire/Tloc      40%        2d13      8%          3
 Apportation              Tloc           6%         N/A       12%         1
 Sandblast                Erth           6%         2d5       12%         1
 Sting                    Conj/Alch      12%        1d3       12%         1
 Summon Small Mammal      Summ           12%        N/A       12%         1
 Ensorcelled Hibernation  Hex/Ice        6%         N/A       19%         2
 Passwall                 Erth           3%         N/A       36%         3
 Stone Arrow              Conj/Erth      6%         3d7       36%         3
 Swiftness                Air            3%         N/A       36%         3
 Tukima's Dance           Hex            3%         N/A       36%         3
 Anguish                  Hex/Necr       6%         N/A       43%         4
 Brom's Barrelling Bould  Conj/Erth      3%         2d3       77%         4
 Dimensional Bullseye     Hex/Tloc       1%         N/A       77%         4
 Fulminant Prism          Conj/Alch      1%         3d5       77%         4
 Iskenderun's Mystic Bla  Conj/Tloc      3%         2d3       77%         4


Dungeon Overview and Level Annotations

Branches:
Dungeon (11/15)            Temple (1/1) D:4
   Lair: D:8-11         Orc: D:9-12

Altars:
Ashenzari
Cheibriados
Dithmenos
Elyvilon
Fedhas
Gozag
Hepliaklqana
Kikubaaqudgha
Makhleb
Nemelex Xobeh
Qazlal
Ru
Sif Muna
Trog
Uskayaw
Vehumet
Wu Jian
Xom
Yredelemnul
Zin
The Shining One

Shops:
D:7 =   D:10 (

Annotations:
D:6 1 runed translucent door, Crazy Yiuf


Innate Abilities, Weirdness & Mutations

You are something dangerously unstable.
You glow with magical radiation, making you easy to see and hit.
Foes you strike become dangerously contaminated with magical radiation.
You are incapable of wielding weapons or throwing items.
You cannot wear most types of armour.
You are amphibious.
You can wear up to eight rings at the same time.
Your skin changes colour to match your surroundings (Stealth+).
Your rubbery body absorbs attacks. (AC +1, EV +1)
((You are camouflaged when in or above water. (Stealth+)))
You have tentacles for arms and can constrict up to eight enemies at once.


Message History

Magic restored.
You start resting.
HP restored.
You fly downwards.
The yak gores you. You block the yak's attack. The yak gores you!
The yak closely misses you.
There is a stone staircase leading up, spattered with blood here.
Unknown command.
The yak gores you! The yak completely misses you.
The yak gores you but does no damage.
You fly upwards.
There is a stone staircase leading down here.
Unknown command.
The yak barely misses you. The yak gores you!
The yak attacks as it pursues you! The yak gores you. The yak gores you!
You barely miss the yak. You squeeze the yak, but do no damage.
The yak gores you!
* * * LOW HITPOINT WARNING * * *
Casting: Scorch (safe; 1% risk of failure)
Confirm with . or Enter, or press ? or * to list all spells.
You call out to the remnants of the fallen!
The yak closely misses you. The yak misses you. The yak gores you.
* * * LOW HITPOINT WARNING * * *
The yak gores you.
* * * LOW HITPOINT WARNING * * *
You tentacle-slap the yak.
The yak begins to glow.
You squeeze the yak.
The yak is moderately wounded.
The yak gores you.
* * * LOW HITPOINT WARNING * * *
You tentacle-slap the yak.
The yak glows dangerously bright.
You squeeze the yak.
The yak is heavily wounded.
The yak gores you!
* * * LOW HITPOINT WARNING * * *
You tentacle-slap the yak but do no damage.
The yak shudders as magic cascades through it!
The yak twists and deforms.
The yak is severely wounded.
The yak gores you!
You die...

############ ############
#..........###
#..........###............##
#..........#............#..##
#..........#p#..........##...
#..........#Y#..........#####
#..........YY#..........# #
#......>...###..........# #
########.### ####)####### #
#.# #.# # #.# #.# #.# #.# #.#
#.#


You could see 3 yaks.

Vanquished Creatures
  2 two-headed ogres
  A centaur warrior (D:8)
  Urug (D:10)
  Pikel (D:4)
  A manticore (D:11)
  Joseph (D:9)
  7 centaur zombies (D:10)
  A gargoyle (D:11)
  An unseen horror zombie (D:10)
  A troll (D:9)
  Grinder (D:6)
  A hornet (D:8)
  Prince Ribbit (D:6)
  Sigmund (D:3)
  4 shadows
  A vampire (D:10)
  A wraith (D:10)
  8 yaks
  A steam dragon (D:9)
  3 acid dragons
  A water moccasin (D:7)
  A sky beast (D:6)
  A black bear (D:6)
  An orc warrior (D:9)
  2 ogres (D:5)
  3 centaurs
  2 lemures (D:3)
  6 phantoms
  A bullfrog (D:8)
  A scorpion (D:5)
  16 wights
  12 killer bees
  2 jellies (D:7)
  3 hounds (D:6)
  2 bombardier beetles
  3 orc priests
  A gnoll bouda (D:7)
  3 iguanas
  A sleepcap (D:6)
  Ijyb (D:3)
  7 orc wizards
  Robin (D:2)
  6 gnolls
  12 adders
  A shadow imp (D:8)
  2 ufetubi (D:7)
  5 ribbon worms
  A dart slug (D:2)
  36 orcs
  4 ball pythons
  6 endoplasms
  3 giant cockroaches
  16 goblins
  11 hobgoblins
  5 quokkas
  7 bats
  14 kobolds
239 creatures vanquished.

Vanquished Creatures (others)
  23 foxfires (D:10)
23 creatures vanquished.

Grand Total: 262 creatures vanquished

Notes
Turn   | Place    | Note
-------+----------+-------------------------------------------
     0 | D:1      | monsoonserge the Octopode Cinder Acolyte began the quest
                  | for the Orb.
     0 | D:1      | Reached XP level 1. HP: 16/16 MP: 2/2
   200 | D:1      | Reached XP level 2. HP: 20/21 MP: 3/3
   223 | D:1      | Found a faded altar of an unknown god.
   484 | D:2      | Noticed Robin
   555 | D:2      | Reached XP level 3. HP: 26/26 MP: 4/4
   605 | D:2      | Reached skill level 1 in Stealth
   703 | D:2      | Reached XP level 4. HP: 18/31 MP: 5/5
   707 | D:2      | Learned a level 2 spell: Scorch
   773 | D:2      | Reached skill level 1 in Dodging
  1319 | D:2      | Killed Robin
  1503 | D:3      | Reached XP level 5. HP: 36/36 MP: 6/6
  1524 | D:3      | Reached skill level 1 in Shields
  1574 | D:3      | Noticed Sigmund
  1580 | D:3      | Killed Sigmund
  1581 | D:3      | Reached XP level 6. HP: 42/43 MP: 0/8
  1834 | D:3      | Noticed Ijyb
  1840 | D:3      | Killed Ijyb
  2033 | D:3      | Found a hazy altar of Hepliaklqana.
  2151 | D:4      | Found a shadowy altar of Dithmenos.
  2158 | D:4      | Reached skill level 1 in Evocations
  2159 | D:4      | Found a broken altar of Ashenzari.
  2245 | D:4      | Noticed Pikel
  2541 | D:4      | Found a staircase to the Ecumenical Temple.
  2550 | Temple   | Entered the Ecumenical Temple
  2553 | D:4      | Found a white marble altar of Elyvilon.
  2563 | D:4      | Found a blossoming altar of Fedhas.
  2657 | D:4      | Found a glowing silver altar of Zin.
  2664 | D:4      | Found a hide-covered altar of Uskayaw.
  2667 | D:4      | Found an ornate altar of the Wu Jian Council.
  2837 | D:4      | Killed Pikel
  2838 | D:4      | Reached skill level 5 in Maces & Flails
  2838 | D:4      | Reached skill level 1 in Unarmed Combat
  2838 | D:4      | Reached XP level 7. HP: 48/48 MP: 0/10
  2937 | D:4      | Reached XP level 8. HP: 54/54 MP: 4/12
  3001 | D:4      | Learned a level 3 spell: Fugue of the Fallen
  3393 | D:5      | Entered Level 5 of the Dungeon
  3574 | D:5      | Reached skill level 1 in Necromancy
  4080 | D:5      | Reached skill level 5 in Fire Magic
  4221 | D:5      | Reached skill level 5 in Stealth
  4604 | D:6      | Noticed Grinder
  4689 | D:6      | Found a shimmering blue altar of Sif Muna.
  4724 | D:6      | Reached XP level 9. HP: 50/59 MP: 5/13
  4996 | D:6      | Killed Grinder
  5108 | D:6      | Reached skill level 5 in Fighting
  5180 | D:6      | Noticed Prince Ribbit
  5266 | D:6      | Killed Prince Ribbit
  5343 | D:6      | Found a snail-covered altar of Cheibriados.
  5781 | D:6      | Found a runed translucent door.
  5782 | D:6      | Noticed Crazy Yiuf
  6546 | D:7      | Reached skill level 1 in Shapeshifting
  6550 | D:7      | Reached XP level 10. HP: 33/67 MP: 14/14
  6801 | D:7      | Found Vuckanku's Jewellery Shop.
  7150 | D:8      | Noticed a centaur warrior
  7162 | D:8      | Killed a centaur warrior
  7163 | D:8      | Reached skill level 5 in Shapeshifting
  7452 | D:8      | Reached skill level 2 in Unarmed Combat
  7584 | D:8      | Found a sacrificial altar of Ru.
  8130 | D:9      | Reached skill level 3 in Unarmed Combat
  8296 | D:9      | Noticed Joseph
  8307 | D:9      | HP: 2/67 [Joseph/+3 quarterstaff (2)]
  8310 | D:9      | Killed Joseph
  8311 | D:9      | Reached skill level 4 in Unarmed Combat
  8612 | D:9      | Reached skill level 5 in Unarmed Combat
  8990 | D:9      | Reached XP level 11. HP: 69/72 MP: 15/15
  9090 | D:10     | Entered Level 10 of the Dungeon
  9106 | D:10     | Reached skill level 6 in Unarmed Combat
  9163 | D:10     | Noticed a two-headed ogre
  9198 | D:10     | Reached skill level 7 in Unarmed Combat
  9540 | D:10     | Noticed Urug
  9592 | D:10     | Found Tored's Weapon Emporium.
  9769 | D:10     | Killed Urug
  9770 | D:10     | Reached skill level 8 in Unarmed Combat
 10501 | D:11     | Noticed a manticore
 10521 | D:11     | Killed a manticore
 10633 | D:11     | Noticed a two-headed ogre
 10639 | D:11     | Killed a two-headed ogre
 10640 | D:11     | Reached skill level 9 in Unarmed Combat
 11130 | D:10     | Killed a two-headed ogre
 11437 | D:10     | Reached skill level 10 in Unarmed Combat
 11450 | D:9      | Reached XP level 12. HP: 35/78 MP: 14/16
 11596 | D:9      | Slain by a yak

Illustrated notes

Levels and vault maps discovered:
D:1:      doesnt_arrival_eight_statues, layout_basic,
          dreamdust_ecumenical_altar_angels_and_demons, serial_bayou_crossing
D:2:      layout_loops_ring, minmay_split_cup_small, uniq_robin
D:3:      cheibrodos_old_hovel, layout_basic, mainiacjoe_overflow_brackets,
          dk_vineyard_2, uniq_ijyb, uniq_sigmund
D:4:      layout_basic, nicolae_overflow_hidden_temple,
          grunt_temple_overflow_open, minmay_temple_entry_butterflies,
          minmay_misc_feat_secret_circle, lemuel_flame_loot_1, uniq_pikel
D:5:      layout_loops_cross, serial_bayou, serial_bayou_pond_c,
          serial_bayou_pond_e, serial_bayou_pond_b, serial_bayou_shore_a,
          nicolae_twisty_statue_hallways
D:6:      layout_basic, mainiacjoe_overflow_six_doors_small, slow_altar_1,
          uniq_grinder, uniq_crazy_yiuf_cottage, uniq_prince_ribbit1
D:7:      layout_rooms, minmay_shop_enchanted_jewellery, kennysheep_small_square
D:8:      layout_basic, kennysheep_mini
D:9:      layout_roguey, uniq_joseph
D:10:     layout_cross, orc_0_dummy, serial_shops, shop, serial_undead,
          serial_undead_e, serial_undead_c, serial_undead_a, serial_undead_d,
          chequers_serial_rivers_marsh, uniq_urug
D:11:     layout_basic, david_lair_shrubbed, amcnicky_mini_rare_corridor_liquid,
          minmay_misc_feat_rugged
Temple:   nicolae_temple_two_arcs

Skill      XL: |  1  2  3  4  5  6  7  8  9 10 11 |
---------------+----------------------------------+-----
Stealth        | 1 2 3 5 6 |  6.0
Dodging        | 1 2 3 4 |  4.9
Shields        | 1 2 |  2.0
Maces & Flails | 4 5 6 |  6.0
Evocations     | 1 2 |  2.0
Fighting       | 4 5 |  5.6
Unarmed Combat | 1 5 10 | 10.0
Spellcasting   | 2 3 |  3.0
Fire Magic     | 4 5 7 |  7.8
Necromancy     | 3 4 |  4.5
Shapeshifting  | 2 6 7 |  7.5
Throwing       | |  0.8

Action                     |  1- 3 |  4- 6 |  7- 9 | 10-12 || total
---------------------------+-------+-------+-------+-------++-------
  Melee: Mace              |    56 |    46 |    31 |    10 ||   143
         Constrict         |    14 |    33 |    22 |    31 ||   100
         Tentacles         |     7 |    25 |    30 |    71 ||   133
         Punch             |     2 |     3 |     4 |     2 ||    11
         Whip              |       |    73 |   142 |       ||   215
         Unarmed           |       |       |       |   201 ||   201
         Morningstar       |       |       |       |    40 ||    40
  Throw: Boomerang         |       |     1 |     2 |     1 ||     4
         Dart              |       |       |     1 |     1 ||     2
   Cast: Scorch            |       |    11 |    62 |    93 ||   166
         Fugue of the Fall |       |       |       |     1 ||     1
 Invoke: Fiery Armour      |       |       |     2 |     3 ||     5
         Foxfire Swarm     |       |       |       |     1 ||     1
  Evoke: Wand              |       |       |       |     2 ||     2
    Use: Scroll            |       |       |    10 |     1 ||    11
         Potion            |       |       |       |     3 ||     3
   Stab: Sleeping          |     6 |     6 |     7 |       ||    19
         Distracted        |       |       |       |     1 ||     1
 Armour: Skin              |    39 |    75 |   111 |   244 ||   469
  Dodge: Dodged            |    40 |    65 |    95 |   264 ||   464
  Block: Buckler           |    12 |    16 |    65 |    31 ||   124
         Reflection        |       |       |     3 |     2 ||     5
         Other             |       |       |       |    63 ||    63
   Form: Flux              |       |       |       |     1 ||     1
